 Dungeon Crawl Stone Soup version 0.28-a0-1613-gdaab1c2f9b (webtiles) character file.

Game seed: 15548303577192941746

751 YayAnonymity the Chopper (level 7, -3/60 HPs)
             Began as a Gnoll Berserker on Jan 22, 2022.
             Was a Believer of Trog.
             Slain by a scorpion (5 damage)
             ... on level 4 of the Dungeon.
             The game lasted 00:06:49 (5092 turns).

YayAnonymity the Chopper (Gnoll Berserker)          Turns: 5092, Time: 00:06:49

Health: -3/60      AC:  5    Str: 18    XL:     7   Next: 78%
Magic:  10/11      EV: 13    Int:  6    God:    Trog [**....]
Gold:   165        SH:  0    Dex: 12    Spells: 11/11 levels left

rFire   . . .      SeeInvis .   a - +0 war axe
rCold   . . .      Faith    .   (no shield)
rNeg    . . .      Spirit   .   j - +0 leather armour
rPois   .          Reflect  .   (no helmet)
rElec   .          Harm     .   (no cloak)
rCorr   +          Rampage  .   (no gloves)
Will    .....                   k - +1 pair of boots
Stlth   ++........              (no amulet)
HPRegen 0.20/turn               o - ring of resist corrosion
MPRegen 0.12/turn               (no ring)

@: no status effects
A: fangs 1, strong nose, distributed training
a: Renounce Religion, Berserk, Trog's Hand


You were on level 4 of the Dungeon.
You worshipped Trog.
Trog was pleased with you.
You visited 1 branch of the dungeon, and saw 4 of its levels.

You collected 165 gold pieces.

Inventory:

Hand Weapons
 a - a +0 war axe (weapon)
 s - a +2 flail of protection
 v - a +0 short sword of venom
 x - a +3 dagger of holy wrath
Missiles
 n - 2 poisoned darts (quivered)
Armour
 j - a +0 leather armour (worn)
 k - a +1 pair of boots (worn)
Jewellery
 o - a ring of resist corrosion (left hand)
Scrolls
 b - a scroll of brand weapon {unknown}
 e - a scroll of amnesia {unknown}
 f - a scroll of fear {unknown}
 h - a scroll of holy word
 i - a scroll of identify {unknown}
 l - a scroll of teleportation
 m - a scroll of immolation {unknown}
 p - a scroll of enchant armour
Potions
 c - a potion of might {unknown}
 d - a potion of invisibility {unknown}
 g - 2 potions of cancellation {unknown}
 q - a potion of heal wounds {unknown}
 r - a potion of curing {unknown}
 t - a potion of resistance {unknown}
 u - a potion of degeneration {unknown}


   Skills:
 + Level 7.1 Fighting
 + Level 2.7 Short Blades
 + Level 2.7 Long Blades
 + Level 7.1 Axes
 + Level 2.7 Maces & Flails
 + Level 2.7 Polearms
 + Level 2.7 Staves
 + Level 2.7 Slings
 + Level 2.7 Bows
 + Level 2.7 Crossbows
 + Level 2.7 Throwing
 + Level 5.3 Armour
 + Level 5.3 Dodging
 + Level 2.7 Stealth
 + Level 2.7 Shields
 + Level 2.7 Unarmed Combat
 + Level 2.7 Spellcasting
 + Level 2.2 Conjurations
 + Level 2.2 Hexes
 + Level 2.2 Summonings
 + Level 2.2 Necromancy
 + Level 2.2 Translocations
 + Level 2.2 Transmutations
 + Level 2.2 Fire Magic
 + Level 2.2 Ice Magic
 + Level 2.2 Air Magic
 + Level 2.2 Earth Magic
 + Level 2.2 Poison Magic
 + Level 3.0 Invocations
 + Level 2.7 Evocations


You had 11 spell levels left.
You didn't know any spells.
Your spell library was empty.

Dungeon Overview and Level Annotations

Branches:
Dungeon (4/15)
 Temple: D:4-7

Altars:
Kikubaaqudgha


Innate Abilities, Weirdness & Mutations

You have very sharp teeth.
Your uncanny sense of smell can sniff out nearby items.
Your experience applies equally to all skills.


Message History

The wyvern bites you! The wyvern closely misses you.
You hit the wyvern but do no damage.
The wyvern is heavily wounded.
The wyvern bites you!
The wyvern bites you but does no damage.
You closely miss the wyvern.
The wyvern is heavily wounded.
The wyvern bites you. The wyvern barely misses you.
You hit the wyvern but do no damage.
The wyvern is heavily wounded.
The wyvern bites you but does no damage.
You hit the wyvern.
The wyvern is severely wounded.
The wyvern barely misses you.
The wyvern bites you but does no damage.
You hit the wyvern but do no damage.
The wyvern is severely wounded.
The wyvern completely misses you. The wyvern bites you!
* * * LOW HITPOINT WARNING * * *
You closely miss the wyvern. You bite the wyvern, but do no damage.
The wyvern is severely wounded.
The wyvern barely misses you. The wyvern bites you.
* * * LOW HITPOINT WARNING * * *
You hit the wyvern.
The wyvern is almost dead.
The wyvern misses you. The wyvern completely misses you.
You hit the wyvern.
You kill the wyvern!
Trog accepts your kill.
Your Invocations skill increases to level 3!
You closely miss the scorpion. The scorpion closely misses you.
The scorpion stings you.
* * * LOW HITPOINT WARNING * * *
You hit the scorpion.
The scorpion is lightly wounded.
The scorpion barely misses you.
You completely miss the scorpion.
The scorpion is lightly wounded.
The scorpion stings you.
You die...

#### #...##.# s.. #.# #### #l#
#.# # #..# #.# #.# . ######..##
#.# #.# .. .........#
#.###.####.# # . #######..#
#..†.......##..##. # #..#
####s............ #..#
#@.#######..# # #..#
#..#######(.#..#
#..#######.....))........
#######..##......[....)[.......
.................#.##########.#
########<#########.# #.# #.#
#.# #.# #.. ..#


You could see a scorpion.

Vanquished Creatures
  Sigmund (D:3)
  A wyvern (D:4)
  An ogre (D:4)
  A scorpion (D:4)
  4 orc priests
  A hound (D:3)
  An orc wizard (D:4)
  5 adders
  An adder skeleton (D:4)
  3 worms (D:2)
  A dart slug (D:3)
  11 orcs
  3 endoplasms
  3 giant cockroaches
  4 goblins
  6 hobgoblins
  3 jackals (D:2)
  4 quokkas
  6 ball pythons
  4 bats
  3 frilled lizards
  5 kobolds
  7 rats
79 creatures vanquished.

Vanquished Creatures (others)
  5 plants (D:4)
5 creatures vanquished.

Grand Total: 84 creatures vanquished

Notes
Turn   | Place    | Note
-------+----------+-------------------------------------------
     0 | D:1      | YayAnonymity the Gnoll Berserker began the quest for the
                  | Orb.
     0 | D:1      | Reached XP level 1. HP: 23/23 MP: 1/1
   344 | D:1      | Reached XP level 2. HP: 22/29 MP: 2/2
  1227 | D:2      | Found an ancient bone altar of Kikubaaqudgha.
  1554 | D:2      | Reached XP level 3. HP: 31/35 MP: 3/3
  1666 | D:2      | Found a faded altar of an unknown god.
  2476 | D:2      | Reached skill level 1 in Invocations
  2751 | D:2      | Reached skill level 1 in Short Blades
  2751 | D:2      | Reached skill level 1 in Long Blades
  2751 | D:2      | Reached skill level 1 in Maces & Flails
  2751 | D:2      | Reached skill level 1 in Polearms
  2751 | D:2      | Reached skill level 1 in Staves
  2751 | D:2      | Reached skill level 1 in Slings
  2751 | D:2      | Reached skill level 1 in Bows
  2751 | D:2      | Reached skill level 1 in Crossbows
  2751 | D:2      | Reached skill level 1 in Throwing
  2751 | D:2      | Reached skill level 1 in Stealth
  2751 | D:2      | Reached skill level 1 in Shields
  2751 | D:2      | Reached skill level 1 in Unarmed Combat
  2751 | D:2      | Reached skill level 1 in Spellcasting
  2751 | D:2      | Reached skill level 1 in Evocations
  2976 | D:2      | Reached XP level 4. HP: 41/41 MP: 5/5
  3096 | D:3      | Reached skill level 1 in Conjurations
  3096 | D:3      | Reached skill level 1 in Hexes
  3096 | D:3      | Reached skill level 1 in Summonings
  3096 | D:3      | Reached skill level 1 in Necromancy
  3096 | D:3      | Reached skill level 1 in Translocations
  3096 | D:3      | Reached skill level 1 in Transmutations
  3096 | D:3      | Reached skill level 1 in Fire Magic
  3096 | D:3      | Reached skill level 1 in Ice Magic
  3096 | D:3      | Reached skill level 1 in Air Magic
  3096 | D:3      | Reached skill level 1 in Earth Magic
  3096 | D:3      | Reached skill level 1 in Poison Magic
  3416 | D:3      | Reached ** piety under Trog
  3495 | D:3      | Reached XP level 5. HP: 47/47 MP: 6/6
  4122 | D:3      | Noticed Sigmund
  4132 | D:3      | Killed Sigmund
  4133 | D:3      | Reached skill level 5 in Armour
  4133 | D:3      | Reached skill level 5 in Dodging
  4133 | D:3      | Reached XP level 6. HP: 53/53 MP: 7/9
  4389 | D:4      | Reached XP level 7. HP: 19/59 MP: 10/10
  5066 | D:4      | Noticed a wyvern
  5088 | D:4      | Killed a wyvern
  5089 | D:4      | HP: 2/60 [scorpion (6)]
  5092 | D:4      | Slain by a scorpion

Illustrated notes

Levels and vault maps discovered:
D:1:      eino_arrival_tree_alley, layout_basic
D:2:      layout_basic, basic_altar,
          dreamdust_ecumenical_altar_angels_and_demons
D:3:      minmay_angry_zag, layout_basic, minmay_fractal_squares_diagonal_5,
          uniq_sigmund
D:4:      layout_loops_ring, serial_bayou_pond_c, kennysheep_crisscross,
          uniq_menkaure

Skill      XL: |  1  2  3  4  5  6  7 |
---------------+----------------------+-----
Invocations    | 1 2 3 |  3.0
Short Blades   | 1 2 |  2.7
Long Blades    | 1 2 |  2.7
Maces & Flails | 1 2 |  2.7
Polearms       | 1 2 |  2.7
Staves         | 1 2 |  2.7
Slings         | 1 2 |  2.7
Bows           | 1 2 |  2.7
Crossbows      | 1 2 |  2.7
Throwing       | 1 2 |  2.7
Stealth        | 1 2 |  2.7
Shields        | 1 2 |  2.7
Unarmed Combat | 1 2 |  2.7
Spellcasting   | 1 2 |  2.7
Evocations     | 1 2 |  2.7
Conjurations   | 1 2 |  2.2
Hexes          | 1 2 |  2.2
Summonings     | 1 2 |  2.2
Necromancy     | 1 2 |  2.2
Translocations | 1 2 |  2.2
Transmutations | 1 2 |  2.2
Fire Magic     | 1 2 |  2.2
Ice Magic      | 1 2 |  2.2
Air Magic      | 1 2 |  2.2
Earth Magic    | 1 2 |  2.2
Poison Magic   | 1 2 |  2.2
Armour         | 5 |  5.3
Dodging        | 5 |  5.3
Fighting       | 7 |  7.1
Axes           | 7 |  7.1

Action                   |  1- 3 |  4- 6 |  7- 9 || total
-------------------------+-------+-------+-------++-------
Melee: Hand axe          |    96 |       |       ||    96
       Bite              |    13 |     3 |     3 ||    19
       Punch             |     3 |       |     1 ||     4
       War axe           |     6 |    81 |    49 ||   136
Throw: Dart              |       |    11 |       ||    11
Invok: Berserk           |       |     1 |     1 ||     2
  Use: Scroll            |       |     2 |     2 ||     4
 Stab: Sleeping          |       |     2 |       ||     2
Armor: Animal skin       |     6 |       |       ||     6
       Leather armour    |    13 |    14 |     8 ||    35
Dodge: Dodged            |    70 |    59 |    37 ||   166

Table legend: (Time is in decaauts)
 A = Elapsed time spent in this place.
 B = Non-inter-level travel time spent in this place.
 C = Inter-level travel time spent in this place.
 D = Time resting spent in this place.
 E = Time spent auto-exploring this place.
 F = Levels seen in this place.
 G = Mean time per level.
                   A        B        C        D        E       F      G
               +--------+--------+--------+--------+--------+-----+--------+
         Total |   5133 |   4779 |    354 |    791 |   3224 |   4 | 1283.2 |
       Dungeon |   5133 |   4779 |    354 |    791 |   3224 |   4 | 1283.2 |
               +--------+--------+--------+--------+--------+-----+--------+

Top non-repeatable levels by time:
     D:2: 1814 daAuts
     D:3: 1347 daAuts
     D:1: 1223 daAuts
     D:4: 747 daAuts
